 Dungeon Sprint DCSS version 0.25.1-2-g60ff931df9 (webtiles) character file.

Game seed: 2929313138966884607

64012 howech the Bludgeoner (level 15, 0/129 HPs)
             Began as a Gnoll Earth Elementalist on Oct 26, 2020.
             Was the Champion of Okawaru.
             Killed by the air
             ... invoked by a spriggan air mage
              (27 damage)
             ... in the Dungeon (Sprint V: "Ziggurat Sprint").
             The game lasted 00:34:54 (1986 turns).

howech the Bludgeoner (Gnoll Earth Elementalist)    Turns: 1986, Time: 00:34:55

Health: 0/129      AC: 33    Str: 15    XL:     15   Next: 11%
Magic:  24/34      EV: 14    Int: 23    God:    Okawaru [******]
Gold:   0          SH: 34    Dex: 17    Spells: 6/45 levels left

rFire    + . .     SeeInvis .   a - +7 Screaming Sword {vorpal, sonic wave}
rCold    . . .     Gourm    .   G - +18 shield of the Gong {rElec rN+ MR+ EV-5}
rNeg     + + .     Faith    .   I - +5 shadow dragon scales
rPois    +         Spirit   .   (no helmet)
rElec    +         Reflect  .   S - +0 cloak {MR+}
rCorr    .         Harm     .   c - +3 pair of gloves of the Invisible Hand {rPois Str+2}
MR       +++..     NoTele   +   s - +1 pair of boots {run}
Stlth    +++++++++.             L - amulet of regeneration
HPRegen  0.71/turn              W - ring of Xeps {rElec rF+ rN+ Str+3 Slay+2}
MPRegen  0.24/turn              U - ring of wizardry

@: heroism, finesse, flying (expiring), hasted, studying 2 skills, very quick
A: distributed training, fangs 1, strong nose
a: Heroism, Finesse, Renounce Religion


You were in the Dungeon.
You worshipped Okawaru.
Okawaru was exalted by your worship.
You were not hungry.

You visited 1 branch

Inventory:

Hand Weapons
 a - the +7 Screaming Sword (weapon) {vorpal, sonic wave}
   (You found it in the Dungeon)

   It inflicts extra damage upon your enemies.
 N - the +10 great sword "Zeohyts" {speed, *Slow rElec Int+3 SInv}
   (You found it in the Dungeon)

   Attacks with this weapon are significantly faster.
   It affects your intelligence (+3).
   It insulates you from electricity.
   It lets you see invisible.
   It may slow you when you take damage.
Missiles
 b - 30 stones (quivered)
Armour
 c - the +3 pair of gloves of the Invisible Hand (worn) {rPois Str+2}
   (You found it in the Dungeon)

   It affects your strength (+2).
   It protects you from poison.
 n - the +10 plate armour "Vedaploh" {rElec rC- rCorr Int+3}
   (Okawaru gifted it to you in the Dungeon)

   It affects your intelligence (+3).
   It makes you vulnerable to cold.
   It insulates you from electricity.
   It provides partial protection from all sources of acid and corrosion.
 s - a +1 pair of boots of running (worn)
 G - the +18 shield of the Gong (worn) {rElec rN+ MR+ EV-5}
   (You found it in the Dungeon)

   It affects your evasion (-5).
   It insulates you from electricity.
   It protects you from negative energy.
   It affects your resistance to hostile enchantments.
 I - +5 shadow dragon scales (worn)
 J - the +2 pair of gloves "Qirgham" {*Drain Dex+2 SInv}
   (Okawaru gifted it to you in the Dungeon)

   It affects your dexterity (+2).
   It lets you see invisible.
   It causes draining when unequipped.
 S - a +0 cloak of magic resistance (worn)
 Y - the +9 scale mail of Ezuefom {MP+9 Int+7 Dex-2}
   (You found it in the Dungeon)

   It affects your intelligence (+7).
   It affects your dexterity (-2).
   It affects your magic capacity (+9).
Jewellery
 l - the ring of Robustness {AC+8}
   (You found it in the Dungeon)

   [ring of protection]

   It affects your AC (+8).
 z - an uncursed amulet of magic regeneration
 A - a +6 ring of dexterity
 B - a +6 ring of dexterity
 C - a +6 ring of intelligence
 D - a +6 ring of intelligence
 E - a +6 ring of strength
 F - a +6 ring of strength
 K - an uncursed ring of magical power
 L - an amulet of regeneration (around neck)
 M - an uncursed ring of see invisible
 P - an uncursed ring of protection from cold
 U - a ring of wizardry (right hand)
 W - the ring of Xeps (left hand) {rElec rF+ rN+ Str+3 Slay+2}
   (You found it in the Dungeon)

   [ring of protection from fire]

   It affects your strength (+3).
   It affects your accuracy and damage with ranged weapons and melee attacks
   (+2).
   It protects you from fire.
   It insulates you from electricity.
   It protects you from negative energy.
 X - the ring "Lehaul Suyho" {rElec rF+ MP+9}
   (You found it in the Dungeon)

   [ring of magical power]

   It protects you from fire.
   It insulates you from electricity.
   It affects your magic capacity (+9).
Wands
 w - a wand of disintegration (5)
 x - a wand of iceblast (4)
 y - a wand of acid (3)
Scrolls
 j - 4 scrolls of blinking
 q - 4 scrolls of amnesia
 r - 7 scrolls of fog
 t - 3 scrolls of identify
 u - 5 scrolls of remove curse
 v - 2 scrolls of fear
 O - 4 scrolls of enchant weapon
 V - 3 scrolls of brand weapon
Potions
 e - 10 potions of curing
 f - 3 potions of heal wounds
 h - 7 potions of magic
 i - 3 potions of berserk rage
 k - 2 potions of brilliance
 m - 3 potions of resistance
 o - 5 potions of stabbing
 p - 5 potions of might
Books
 Q - a manual of Maces & Flails
 T - a manual of Shields
Miscellaneous
 H - a lightning rod (4/4)
Comestibles
 d - 6 rations
 R - a chunk of flesh


   Skills:
 + Level 15.2(20.2) Fighting
 + Level 15.2(20.2) Short Blades
 + Level 15.2(20.2) Long Blades
 + Level 15.2(20.2) Axes
 + Level 17.4(22.4) Maces & Flails
 + Level 15.2(20.2) Polearms
 + Level 15.2(20.2) Staves
 + Level 15.2(20.2) Slings
 + Level 15.2(20.2) Bows
 + Level 15.2(20.2) Crossbows
 + Level 15.2(20.2) Throwing
 + Level 15.2(20.2) Armour
 + Level 15.7(20.7) Dodging
 + Level 15.6(20.6) Stealth
 + Level 15.9(20.9) Shields
 + Level 15.2(20.2) Unarmed Combat
 + Level 15.8 Spellcasting
 + Level 13.1 Conjurations
 + Level 13.1 Hexes
 + Level 13.1 Charms
 + Level 13.1 Summonings
 + Level 13.1 Necromancy
 + Level 13.1 Translocations
 + Level 13.2 Transmutations
 + Level 13.1 Fire Magic
 + Level 13.1 Ice Magic
 + Level 13.1 Air Magic
 + Level 14.0 Earth Magic
 + Level 13.1 Poison Magic
 + Level 16.3 Invocations
 + Level 15.2 Evocations


You had 6 spell levels left.
You knew the following spells:

 Your Spells              Type           Power        Failure   Level  Hunger
a - Sandblast             Erth           ######       1%          1    None
b - Lee's Rapid Deconstr  Erth           ######....   1%          5    ##.....
c - Fireball              Conj/Fire      ######....   1%          5    ##.....
d - Lightning Bolt        Conj/Air       ######....   1%          5    ##.....
e - Ignition              Fire           ######....   89%         8    #######
f - Starburst             Conj/Fire      ######....   5%          6    ####...
g - Shatter               Erth           ######....   100%        9    #######

Your spell library contained the following spells:

 Spells                   Type           Power        Failure   Level  Hunger
 Beastly Appendage        Tmut           ######       1%          1    None
 Corona                   Hex            ######.      1%          1    None
 Freeze                   Ice            ####         1%          1    None
 Infusion                 Chrm           ####         1%          1    None
 Magic Dart               Conj           ####         1%          1    None
 Pain                     Necr           ####         1%          1    None
 Summon Butterflies       Summ           ######..     1%          1    None
 Summon Small Mammal      Summ           ####         1%          1    None
 Blink                    Tloc           N/A          1%          2    None
 Call Imp                 Summ           ######..     1%          2    None
 Corpse Rot               Necr/Air       N/A          1%          2    None
 Passwall                 Tmut/Erth      ######..     1%          2    None
 Searing Ray              Conj           ######       1%          2    None
 Shroud of Golubria       Chrm/Tloc      ######       1%          2    None
 Slow                     Hex            ######..     1%          2    None
 Sticks to Snakes         Tmut           ######..     1%          2    None
 Sublimation of Blood     Necr           ######....   1%          2    None
 Swiftness                Chrm/Air       ######..     1%          2    None
 Call Canine Familiar     Summ           ######..     1%          3    None
 Conjure Flame            Conj/Fire      ######..     1%          3    None
 Dazzling Flash           Conj/Hex       ######       1%          3    None
 Gell's Gravitas          Tloc           ######....   1%          3    None
 Ignite Poison            Fire/Tmut/Pois ######..     1%          3    None
 Lesser Beckoning         Tloc           ######....   1%          3    None
 Mephitic Cloud           Conj/Pois/Air  ######..     1%          3    None
 Portal Projectile        Hex/Tloc       ######       1%          3    None
 Spider Form              Tmut/Pois      ######....   1%          3    None
 Stone Arrow              Conj/Erth      ######       1%          3    None
 Summon Guardian Golem    Hex/Summ       ######..     1%          3    None
 Teleport Other           Tloc           ######..     1%          3    None
 Vampiric Draining        Necr           ######....   1%          3    None
 Dispel Undead            Necr           ######..     1%          4    None
 Fulminant Prism          Conj/Hex       ######....   1%          4    None
 Ice Form                 Ice/Tmut       ######..     1%          4    None
 Iskenderun's Mystic Bla  Conj/Tloc      ######..     1%          4    None
 Leda's Liquefaction      Hex/Erth       ######....   1%          4    None
 Passage of Golubria      Tloc           N/A          1%          4    None
 Petrify                  Tmut/Erth      ######..     1%          4    None
 Summon Ice Beast         Ice/Summ       ######..     1%          4    None
 Summon Lightning Spire   Summ/Air       ######..     1%          4    None
 Agony                    Necr           ######..     1%          5    ##.....
 Blade Hands              Tmut           ######....   1%          5    ##.....
 Borgnjor's Vile Clutch   Necr/Erth      ######....   1%          5    ##.....
 Excruciating Wounds      Chrm/Necr      ######....   1%          5    ##.....
 Irradiate                Conj/Tmut      ######....   1%          5    ##.....
 Metabolic Englaciation   Hex/Ice        ######....   1%          5    ##.....
 Summon Mana Viper        Hex/Summ       ######..     1%          5    ##.....
 Hydra Form               Tmut           ######....   4%          6    ####...
 Statue Form              Tmut/Erth      ######...    4%          6    ####...
 Death Channel            Necr           ######....   5%          6    ####...
 Dispersal                Tloc           ######....   5%          6    ####...
 Simulacrum               Ice/Necr       ######....   5%          6    ####...
 Dragon Form              Tmut           ######....   26%         7    ######.
 Malign Gateway           Summ/Tloc      ######....   26%         7    ######.
 Monstrous Menagerie      Summ           ######....   26%         7    ######.
 Ring of Flames           Chrm/Fire      ######....   26%         7    ######.
 Summon Greater Demon     Summ           ######....   26%         7    ######.
 Controlled Blink         Tloc           N/A          89%         8    #######
 Disjunction              Tloc           ######....   89%         8    #######
 Summon Horrible Things   Summ           ######....   89%         8    #######


Dungeon Overview and Level Annotations

Branches:
Dungeon (1/1)

Altars:
Ashenzari
Cheibriados
Dithmenos
Elyvilon
Fedhas
Gozag
Hepliaklqana
Kikubaaqudgha
Makhleb
Nemelex Xobeh
Okawaru
Qazlal
Ru
Sif Muna
Trog
Uskayaw
Vehumet
Wu Jian
Xom
Yredelemnul
Zin
The Shining One
Beogh
Jiyva
Lugonu

Annotations:
D 1 transporter


Innate Abilities, Weirdness & Mutations

Your experience applies equally to all skills.
You have very sharp teeth.
Your uncanny sense of smell can sniff out nearby items.


Message History

Unknown command.
Unknown command.
Unknown command.
Unknown command.
Unknown command.
You feel much better.
You are engulfed in raging winds.
You block the air elemental's attack.
GONNNNG!
The electric golem blinks! x2
The spriggan air mage waves its arms in wide circles.
The air twists around and violently strikes you in flight!!
* * * LOW HITPOINT WARNING * * *
The electric golem hits you but does no damage.
The electric golem barely misses you.
The electric golem hits you but does no damage.
You block the electric golem's attack.
GONNNNG!
The spriggan air mage waves its arms in wide circles.
The air twists around and violently strikes you in flight!!
You die...

∆∆∆∆
▓▓▓▓▓▓▓▓▓▓▓▓▓▓▓▓..[|.))}}
∆∆∆∆
.....8©8......▓....)|)}.
§§§)}§§§§§§§§..▓.....÷...
§§§§§§§§§§§§[..▓.........
.§§§§§§§§C§§...▓......÷†.
§§§k§k§§C§i§§..▓.......÷.
§§§§§§iD8§§§§..▓.........
.§§§§§8C8D§§8..▓.........
§§§§§D8E@E§§§..▓..▓......
...§§§§§§§.....▓.........
...§§8§§§§.....▓.........
...▓§§§§§8.▓...▓......©..
..▓.▓.....▓.▓..▓▓▓▓▓▓▓▓▓▓
...▓.......▓...▓.....8©8.
...............▓.}||..}}}
.......©.......▓..}..)|)"
▓▓▓▓▓▓▓▓▓▓▓▓▓▓▓▓.........


You could see 7 electric golems, 3 titans, 3 storm dragons, 2 wind drakes, 2
spriggan air magi and 2 air elementals.

Vanquished Creatures
  A pandemonium lord (D)
  Saint Roka (D)
  Nikola (D)
  2 deep elf blademasters (D)
  Kirke (D)
  A frost giant (D)
  Louise (D)
  2 reapers (D)
  An entropy weaver (D)
  Nessos (D)
  A deep elf annihilator (D)
  A deep elf death mage (D)
  2 blizzard demons (D)
  2 hydras (D)
  3 deep elf knights (D)
  An iron golem (D)
  3 skeletal warriors (D)
  2 deep elf archers (D)
  10 deep elf magi (D)
  11 wolf spiders (D)
  Pikel (D)
  2 orb spiders (D)
  A cyclops (D)
  Maurice (D)
  4 rust devils (D)
  An eye of devastation (D)
  5 spiny frogs (D)
  A black mamba (D)
  Psyche (D)
  A komodo dragon (D)
  3 rime drakes (D)
  2 red devils (D)
  4 demonic crawlers (D)
  7 ice devils (D)
  2 tormentors (D)
  A polar bear (D)
  2 jumping spiders (D)
  4 hornets (D)
  4 merfolk (D)
  A hippogriff (D)
  A wind drake (D)
  Prince Ribbit (D)
  2 slime creatures (D)
  4 air elementals (D)
  5 shadows (D)
  3 wraiths (D)
  9 redbacks (D)
  2 tarantellas (D)
  3 yaks (D)
  A neqoxec (D)
  A ynoxinul (D)
  A water elemental (D)
  A fire elemental (D)
  Eustachio (D)
  An insubstantial wisp (D)
  Duvessa (D)
  4 porcupines (D)
  2 floating eyes (D)
  A hell hound (D)
  2 eyes of draining (D)
  3 ice beasts (D)
  A black bear (D)
  A phantom (D)
  A wolf (D)
  A centaur (D)
  4 crocodiles (D)
  A bullfrog (D)
  An earth elemental (D)
  3 quasits (D)
  4 iron imps (D)
  7 jellies (D)
  4 iguanas (D)
  A mummy (D)
  A river rat (D)
  A shadow imp (D)
  3 white imps (D)
  2 adder zombies (D)
  An adder skeleton (D)
  A bat skeleton (D)
  A bat zombie (D)
  2 jackals (D)
  2 leopard gecko zombies (D)
  A quokka skeleton (D)
189 creatures vanquished.

Vanquished Creatures (others)
  Frances (D)
  Polyphemus (D)
  A spriggan air mage (D)
  A spatial maelstrom (D)
  A wind drake (D)
5 creatures vanquished.

Grand Total: 194 creatures vanquished

Notes
Turn   | Place    | Note
-------+----------+-------------------------------------------
     0 | D        | howech the Gnoll Earth Elementalist began the quest for the
                  | Orb.
     0 | D        | Reached XP level 1. HP: 13/13 MP: 6/6
     3 | D        | Found a blossoming altar of Fedhas.
     4 | D        | Found the +6 Majin-Bo {vamp, Archmagi MP+6 Int+6}
     4 | D        | Found the +7 great mace "Firestarter" {inner flame, rF++}
     5 | D        | Found a shimmering blue altar of Sif Muna.
     5 | D        | Found a sacrificial altar of Ru.
     5 | D        | Found a bloodstained altar of Trog.
     5 | D        | Found a stormy altar of Qazlal.
     5 | D        | Found an iron altar of Okawaru.
     5 | D        | Found a sparkling altar of Nemelex Xobeh.
     5 | D        | Banished a spatial maelstrom
     7 | D        | Found a transporter.
     7 | D        | Found an ancient bone altar of Kikubaaqudgha.
     7 | D        | Found a viscous altar of Jiyva.
     7 | D        | Found a corrupted altar of Lugonu.
     7 | D        | Found a hazy altar of Hepliaklqana.
     7 | D        | Found a burning altar of Makhleb.
     7 | D        | Found an opulent altar of Gozag.
    23 | D        | Found the +9 heavy crossbow "Sniper" {vorpal, Acc+∞ SInv}
    23 | D        | Found the +10 dark maul {vorpal}
    23 | D        | Found the +15 Maxwell's patent armour {-Cast -Tele rElec
                  | MR+ rCorr}
    23 | D        | Found the +18 shield of the Gong {rElec rN+ MR+ EV-5}
    23 | D        | Found the cursed +14 obsidian axe {vorpal, +Fly SInv
                  | *Curse}
    33 | D        | Found the +6 shillelagh "Devastator" {shatter}
    33 | D        | Found the +11 plutonium sword {*Contam Stlth-}
    33 | D        | Found the +8 lance "Wyrmbane" {slay drac, rPois rF+ rC+
                  | AC+3}
    33 | D        | Found the +9 sword of Zonguldrok {reap}
    33 | D        | Found the cursed +13 scythe of Curses {drain, *Curse}
    33 | D        | Found the +0 sword of Power
    33 | D        | Found the +7 mace of Variability {chain chaos}
    33 | D        | Found the +7 Singing Sword {vorpal, sonic wave}
    33 | D        | Found the +8 storm bow {elec, penet}
    54 | D        | Became a worshipper of Warmaster Okawaru
    64 | D        | Reached skill level 2 in Maces & Flails
    64 | D        | Reached skill level 5 in Dodging
    64 | D        | Reached skill level 5 in Spellcasting
    64 | D        | Reached skill level 1 in Conjurations
    64 | D        | Reached skill level 1 in Hexes
    64 | D        | Reached skill level 1 in Charms
    64 | D        | Reached skill level 1 in Summonings
    64 | D        | Reached skill level 1 in Necromancy
    64 | D        | Reached skill level 1 in Translocations
    64 | D        | Reached skill level 1 in Fire Magic
    64 | D        | Reached skill level 1 in Ice Magic
    64 | D        | Reached skill level 1 in Air Magic
    64 | D        | Reached skill level 1 in Poison Magic
    64 | D        | Reached XP level 2. HP: 22/22 MP: 6/8
    84 | D        | Entered arena 2.
    84 | D        | Noticed a porcupine
    84 | D        | Found a transporter.
    88 | D        | Reached skill level 5 in Stealth
    88 | D        | Reached XP level 3. HP: 28/28 MP: 10/10
    95 | D        | Killed a porcupine
    95 | D        | Reached * piety under Okawaru
    95 | D        | Reached skill level 3 in Maces & Flails
    95 | D        | Reached XP level 4. HP: 31/37 MP: 12/12
    95 | D        | Reached XP level 5. HP: 35/42 MP: 13/13
   245 | D        | Entered arena 3.
   245 | D        | Found a transporter.
   253 | D        | Reached skill level 4 in Maces & Flails
   260 | D        | Entered arena 4.
   260 | D        | Noticed a neqoxec
   260 | D        | Noticed a ynoxinul
   260 | D        | Found a transporter.
   263 | D        | Reached XP level 6. HP: 48/48 MP: 11/15
   267 | D        | Killed a ynoxinul
   267 | D        | Reached skill level 5 in Invocations
   269 | D        | Killed a neqoxec
   269 | D        | Reached skill level 5 in Fighting
   269 | D        | Reached skill level 5 in Short Blades
   269 | D        | Reached skill level 5 in Long Blades
   269 | D        | Reached skill level 5 in Axes
   269 | D        | Reached skill level 5 in Maces & Flails
   269 | D        | Reached skill level 5 in Polearms
   269 | D        | Reached skill level 5 in Staves
   269 | D        | Reached skill level 5 in Slings
   269 | D        | Reached skill level 5 in Bows
   269 | D        | Reached skill level 5 in Crossbows
   269 | D        | Reached skill level 5 in Throwing
   269 | D        | Reached skill level 5 in Armour
   269 | D        | Reached skill level 5 in Shields
   269 | D        | Reached skill level 5 in Unarmed Combat
   269 | D        | Reached skill level 5 in Evocations
   269 | D        | Reached XP level 7. HP: 52/56 MP: 12/17
   288 | D        | Entered arena 5.
   288 | D        | Noticed a deep elf knight
   288 | D        | Noticed a deep elf death mage
   288 | D        | Noticed an air elemental
   288 | D        | Noticed a deep elf knight
   288 | D        | Found a transporter.
   293 | D        | Killed an air elemental
   293 | D        | Reached ** piety under Okawaru
   293 | D        | Reached skill level 5 in Transmutations
   294 | D        | Killed a deep elf knight
   294 | D        | Reached *** piety under Okawaru
   294 | D        | Reached skill level 6 in Maces & Flails
   294 | D        | Reached skill level 5 in Conjurations
   294 | D        | Reached skill level 5 in Hexes
   294 | D        | Reached skill level 5 in Charms
   294 | D        | Reached skill level 5 in Summonings
   294 | D        | Reached skill level 5 in Necromancy
   294 | D        | Reached skill level 5 in Translocations
   294 | D        | Reached skill level 5 in Fire Magic
   294 | D        | Reached skill level 5 in Ice Magic
   294 | D        | Reached skill level 5 in Air Magic
   294 | D        | Reached skill level 5 in Poison Magic
   294 | D        | Reached XP level 8. HP: 45/65 MP: 15/20
   294 | D        | Killed a deep elf knight
   294 | D        | Received a gift from Okawaru
   294 | D        | Reached **** piety under Okawaru
   294 | D        | Killed a deep elf death mage
   294 | D        | Reached ***** piety under Okawaru
   294 | D        | Reached skill level 7 in Maces & Flails
   294 | D        | Reached XP level 9. HP: 50/72 MP: 15/22
   393 | D        | Entered arena 6.
   393 | D        | Found a transporter.
   395 | D        | Paralysed by a floating eye for 3 turns
   418 | D        | Entered arena 7.
   418 | D        | Noticed a deep elf mage
   418 | D        | Noticed a deep elf mage
   418 | D        | Noticed a deep elf knight
   418 | D        | Noticed a deep elf mage
   419 | D        | Found a transporter.
   425 | D        | Killed a deep elf knight
   425 | D        | Received a gift from Okawaru
   425 | D        | Reached skill level 8 in Maces & Flails
   426 | D        | Killed a deep elf mage
   426 | D        | Reached XP level 10. HP: 80/80 MP: 11/23
   427 | D        | Killed a deep elf mage
   430 | D        | Killed a deep elf mage
   435 | D        | Reached skill level 10 in Spellcasting
   499 | D        | Entered arena 8.
   499 | D        | Noticed a cyclops
   500 | D        | Found a transporter.
   508 | D        | Killed a cyclops
   508 | D        | Reached skill level 10 in Dodging
   508 | D        | Reached skill level 9 in Maces & Flails
   511 | D        | Reached skill level 10 in Stealth
   513 | D        | Received a gift from Okawaru
   516 | D        | Reached skill level 10 in Invocations
   532 | D        | Entered arena 9.
   532 | D        | Noticed a rust devil
   532 | D        | Noticed Watwat the pandemonium lord
   533 | D        | Found a transporter.
   546 | D        | Killed a rust devil
   565 | D        | Killed Watwat the pandemonium lord
   565 | D        | Received a gift from Okawaru
   565 | D        | Reached ****** piety under Okawaru
   565 | D        | Received a gift from Okawaru
   565 | D        | Reached skill level 10 in Fighting
   565 | D        | Reached skill level 10 in Short Blades
   565 | D        | Reached skill level 10 in Long Blades
   565 | D        | Reached skill level 10 in Axes
   565 | D        | Reached skill level 10 in Maces & Flails
   565 | D        | Reached skill level 10 in Polearms
   565 | D        | Reached skill level 10 in Staves
   565 | D        | Reached skill level 10 in Slings
   565 | D        | Reached skill level 10 in Bows
   565 | D        | Reached skill level 10 in Crossbows
   565 | D        | Reached skill level 10 in Throwing
   565 | D        | Reached skill level 10 in Armour
   565 | D        | Reached skill level 10 in Shields
   565 | D        | Reached skill level 10 in Unarmed Combat
   565 | D        | Reached skill level 10 in Earth Magic
   565 | D        | Reached skill level 10 in Evocations
   565 | D        | Reached XP level 11. HP: 50/92 MP: 24/26
   569 | D        | Got an encrusted plate armour {god gift}
   569 | D        | Got a pair of warped gloves {god gift}
   575 | D        | Identified the +2 pair of gloves "Qirgham" {*Drain Dex+2
                  | SInv} (Okawaru gifted it to you in the Dungeon)
   575 | D        | Identified the +10 plate armour "Vedaploh" {rElec rC- rCorr
                  | Int+3} (Okawaru gifted it to you in the Dungeon)
   584 | D        | Learned a level 5 spell: Lee's Rapid Deconstruction
   742 | D        | Entered arena 10.
   742 | D        | Noticed a six-headed hydra
   745 | D        | Found a transporter.
   757 | D        | Killed an 11-headed hydra
   757 | D        | Reached XP level 12. HP: 91/99 MP: 20/27
   778 | D        | Got the Compendium of Lightness and Hexes
   782 | D        | Got the Papyrus of Poison and Sinister Rituals
   831 | D        | Entered arena 11.
   832 | D        | Found the ring of Robustness {AC+8}
   832 | D        | Found a transporter.
   834 | D        | Paralysed by a floating eye for 2 turns
   838 | D        | Reached skill level 11 in Maces & Flails
   872 | D        | Entered arena 12.
   874 | D        | Found a transporter.
   934 | D        | Entered arena 13.
   934 | D        | Noticed a blizzard demon
   934 | D        | Noticed a frost giant
   936 | D        | Found a transporter.
   940 | D        | Reached skill level 10 in Transmutations
   950 | D        | Killed a blizzard demon
   950 | D        | Received a gift from Okawaru
   950 | D        | Reached skill level 10 in Conjurations
   950 | D        | Reached skill level 10 in Hexes
   950 | D        | Reached skill level 10 in Charms
   950 | D        | Reached skill level 10 in Summonings
   950 | D        | Reached skill level 10 in Necromancy
   950 | D        | Reached skill level 10 in Translocations
   950 | D        | Reached skill level 10 in Fire Magic
   950 | D        | Reached skill level 10 in Ice Magic
   950 | D        | Reached skill level 10 in Air Magic
   950 | D        | Reached skill level 10 in Poison Magic
   952 | D        | Killed a frost giant
   961 | D        | Got the +10 great sword "Zeohyts" {speed, *Slow rElec Int+3
                  | SInv}
  1045 | D        | Entered arena 14.
  1046 | D        | Noticed a blizzard demon
  1048 | D        | Found the +7 great mace "Undeadhunter" {disrupt, rN+}
  1048 | D        | Found a transporter.
  1062 | D        | Reached skill level 12 in Maces & Flails
  1065 | D        | Killed a blizzard demon
  1069 | D        | Got the Guide on the Escort and Shape Shifting
  1076 | D        | Got the +3 pair of gloves of the Invisible Hand {rPois
                  | Str+2}
  1098 | D        | Identified a +1 pair of boots of running (You found it in
                  | the Dungeon)
  1103 | D        | Entered arena 15.
  1106 | D        | Found the +3 Elemental Staff {rElec rF++ rC++ MR++ AC+5}
  1106 | D        | Found a transporter.
  1110 | D        | Reached XP level 13. HP: 106/108 MP: 22/29
  1113 | D        | Received a gift from Okawaru
  1127 | D        | Got the Papyrus of the Sinister Entourage
  1146 | D        | Learned a level 5 spell: Fireball
  1152 | D        | Learned a level 5 spell: Lightning Bolt
  1152 | D        | Entered arena 16.
  1153 | D        | Noticed a deep elf blademaster
  1153 | D        | Noticed a deep elf annihilator
  1153 | D        | Noticed a deep elf blademaster
  1154 | D        | Found the brooch of Shielding {Spirit SH+8}
  1160 | D        | Found a transporter.
  1173 | D        | Reached skill level 13 in Maces & Flails
  1173 | D        | Killed a deep elf blademaster
  1174 | D        | Killed a deep elf blademaster
  1177 | D        | Killed a deep elf annihilator
  1208 | D        | Got Beac's Incunabulum of Freezing Creation
  1297 | D        | Learned a level 8 spell: Ignition
  1304 | D        | Learned a level 6 spell: Starburst
  1314 | D        | Entered arena 17.
  1318 | D        | Noticed Eustachio
  1318 | D        | Noticed Nessos
  1318 | D        | Noticed Nikola
  1318 | D        | Noticed Pikel
  1318 | D        | Noticed Saint Roka
  1318 | D        | Noticed Prince Ribbit
  1318 | D        | Noticed Psyche
  1319 | D        | Noticed Maurice
  1319 | D        | Noticed Louise
  1319 | D        | Noticed Polyphemus
  1319 | D        | Noticed Frances
  1319 | D        | Noticed Duvessa
  1319 | D        | Noticed Kirke
  1319 | D        | Identified the +3 war axe of Iffemyt {vorpal, MR+ Int+4
                  | Dex-5 Stlth+}
  1320 | D        | Found a transporter.
  1323 | D        | Killed Prince Ribbit
  1323 | D        | Received a gift from Okawaru
  1327 | D        | Identified the +8 morningstar of Blood-Lust {antimagic, rF+
                  | Int+4 Dex+4}
  1328 | D        | Killed Duvessa
  1328 | D        | Killed Eustachio
  1328 | D        | Killed Pikel
  1328 | D        | Killed Psyche
  1328 | D        | Reached skill level 14 in Maces & Flails
  1330 | D        | Killed Maurice
  1330 | D        | Killed Nessos
  1335 | D        | Killed Louise
  1335 | D        | Killed Kirke
  1335 | D        | Received a gift from Okawaru
  1335 | D        | Reached XP level 14. HP: 102/118 MP: 25/32
  1336 | D        | Killed Polyphemus
  1336 | D        | Killed Frances
  1345 | D        | Killed Nikola
  1345 | D        | Received a gift from Okawaru
  1345 | D        | Reached skill level 15 in Maces & Flails
  1345 | D        | Reached skill level 15 in Invocations
  1354 | D        | Killed Saint Roka
  1363 | D        | Got the Compendium of Boosting Beguiling
  1465 | D        | Entered arena 18.
  1470 | D        | Found a transporter.
  1475 | D        | Reached skill level 15 in Spellcasting
  1484 | D        | Reached skill level 16 in Maces & Flails
  1486 | D        | Reached skill level 15 in Dodging
  1515 | D        | Got the ring of Xeps {rElec rF+ rN+ Str+3 Slay+2}
  1595 | D        | Entered arena 19.
  1598 | D        | Noticed a reaper
  1599 | D        | Noticed a reaper
  1603 | D        | Reached skill level 15 in Stealth
  1610 | D        | Found a transporter.
  1612 | D        | Killed a reaper
  1614 | D        | Killed a reaper
  1614 | D        | Reached skill level 15 in Shields
  1622 | D        | Got the ring "Lehaul Suyho" {rElec rF+ MP+9}
  1636 | D        | Got the +9 scale mail of Ezuefom {MP+9 Int+7 Dex-2}
  1638 | D        | Got the Disquisition on Freezing Earth
  1764 | D        | Entered arena 20.
  1769 | D        | Noticed an entropy weaver
  1771 | D        | Found a transporter.
  1777 | D        | Received a gift from Okawaru
  1778 | D        | Reached skill level 17 in Maces & Flails
  1778 | D        | Reached skill level 15 in Fighting
  1778 | D        | Reached skill level 15 in Short Blades
  1778 | D        | Reached skill level 15 in Long Blades
  1778 | D        | Reached skill level 15 in Axes
  1778 | D        | Reached skill level 15 in Polearms
  1778 | D        | Reached skill level 15 in Staves
  1778 | D        | Reached skill level 15 in Slings
  1778 | D        | Reached skill level 15 in Bows
  1778 | D        | Reached skill level 15 in Crossbows
  1778 | D        | Reached skill level 15 in Throwing
  1778 | D        | Reached skill level 15 in Armour
  1778 | D        | Reached skill level 15 in Unarmed Combat
  1778 | D        | Reached skill level 15 in Evocations
  1778 | D        | Reached XP level 15. HP: 129/129 MP: 18/34
  1969 | D        | Learned a level 9 spell: Shatter
  1972 | D        | Entered arena 21.
  1976 | D        | Noticed a titan
  1977 | D        | Noticed a storm dragon
  1977 | D        | Noticed an electric golem
  1977 | D        | Noticed an electric golem
  1977 | D        | Noticed an electric golem
  1977 | D        | Noticed a storm dragon
  1977 | D        | Noticed an electric golem
  1978 | D        | Found the +8 arc blade {discharge, rElec}
  1978 | D        | Noticed a storm dragon
  1978 | D        | Noticed an electric golem
  1978 | D        | Noticed an electric golem
  1978 | D        | Noticed an electric golem
  1978 | D        | Noticed a titan
  1980 | D        | Noticed a titan
  1985 | D        | Found a transporter.
  1986 | D        | Killed from afar by a spriggan air mage

Illustrated notes

Levels and vault maps discovered:
D:        sprint_v [room_start, room_1, room_2, room_3, room_4, room_5, room_6,
          room_7, room_8, room_9, room_10, room_11, room_12, room_13, room_14,
          room_15, room_16, room_17, room_18, room_19, room_20, room_21,
          room_22, room_23, room_24, room_25, room_26, room_27]

Skill      XL: |  1  2  3  4  5  6  7  8  9 10 11 12 13 14 15 |
---------------+----------------------------------------------+-----
Fighting       | 2 3 4 5 6 7 8 10 12 13 15 | 15.2
Short Blades   | 2 3 4 5 6 7 8 10 12 13 15 | 15.2
Long Blades    | 2 3 4 5 6 7 8 10 12 13 15 | 15.2
Axes           | 2 3 4 5 6 7 8 10 12 13 15 | 15.2
Maces & Flails | 2 3 4 5 6 7 8 10 12 14 17 | 17.4
Polearms       | 2 3 4 5 6 7 8 10 12 13 15 | 15.2
Staves         | 2 3 4 5 6 7 8 10 12 13 15 | 15.2
Slings         | 2 3 4 5 6 7 8 10 12 13 15 | 15.2
Bows           | 2 3 4 5 6 7 8 10 12 13 15 | 15.2
Crossbows      | 2 3 4 5 6 7 8 10 12 13 15 | 15.2
Throwing       | 2 3 4 5 6 7 8 10 12 13 15 | 15.2
Armour         | 2 3 4 5 6 7 8 10 12 13 15 | 15.2
Dodging        | 5 6 7 8 9 11 12 14 15 | 15.7
Shields        | 2 3 4 5 6 7 8 10 12 13 15 | 15.9
Unarmed Combat | 2 3 4 5 6 7 8 10 12 13 15 | 15.2
Spellcasting   | 5 6 7 8 9 11 12 14 15 | 15.8
Conjurations   | 1 2 3 4 5 6 9 10 11 12 13 | 13.1
Hexes          | 1 2 3 4 5 6 9 10 11 12 13 | 13.1
Charms         | 1 2 3 4 5 6 9 10 11 12 13 | 13.1
Summonings     | 1 2 3 4 5 6 9 10 11 12 13 | 13.1
Necromancy     | 1 2 3 4 5 6 9 10 11 12 13 | 13.1
Translocations | 1 2 3 4 5 6 9 10 11 12 13 | 13.1
Transmutations | 2 3 4 5 6 7 9 10 11 13 | 13.2
Fire Magic     | 1 2 3 4 5 6 9 10 11 12 13 | 13.1
Ice Magic      | 1 2 3 4 5 6 9 10 11 12 13 | 13.1
Air Magic      | 1 2 3 4 5 6 9 10 11 12 13 | 13.1
Poison Magic   | 1 2 3 4 5 6 9 10 11 12 13 | 13.1
Invocations    | 2 4 5 6 8 9 11 13 14 16 | 16.3
Evocations     | 2 3 4 5 6 7 8 10 12 13 15 | 15.2
Stealth        | 5 6 7 8 9 11 12 14 15 | 15.6
Earth Magic    | 6 7 8 10 11 12 13 14 | 14.0

Action                   |  1- 3 |  4- 6 |  7- 9 | 10-12 | 13-15 || total
-------------------------+-------+-------+-------+-------+-------++-------
Melee: Double sword      |     8 |    14 |    13 |   101 |    80 ||   216
       Bite              |       |     3 |     3 |    23 |     9 ||    38
 Cast: Fireball          |       |       |       |       |    13 ||    13
       Lee's Rapid Decon |       |       |       |       |     4 ||     4
Invok: Heroism           |       |     2 |     2 |     6 |     5 ||    15
       Finesse           |       |       |     1 |     6 |     5 ||    12
Evoke: Wand              |       |       |       |     9 |       ||     9
  Use: Potion            |     2 |       |     1 |    10 |     8 ||    21
       Scroll            |       |       |       |     2 |     1 ||     3
 Stab: Sleeping          |     1 |       |     2 |     3 |       ||     6
       Invisible         |     1 |       |       |     3 |       ||     4
  Eat: Ration            |       |       |       |       |     1 ||     1
       Chunk             |       |       |       |       |     1 ||     1
Armor: Shadow dragon sca |       |    14 |       |    15 |    28 ||    57
Dodge: Dodged            |       |     6 |     1 |     9 |    14 ||    30
Block: Kite shield       |     6 |    23 |     5 |    66 |    92 ||   192
       Rpst.: Double sword |       |       |       |     1 |     2 ||     3
